 Dungeon Crawl Stone Soup version 0.30-a0-1043-g60ff8d5f49 (webtiles) character file.

Game seed: 10261300701136351656

38 DeathPants the Stinger (level 3, -8/28 HPs)
             Began as a Naga Venom Mage on Apr 9, 2023.
             Killed by divine providence
             ... invoked by an orc priest
              (9 damage)
             ... on level 1 of the Dungeon.
             The game lasted 00:03:50 (1342 turns).

DeathPants the Stinger (Naga Venom Mage)            Turns: 1342, Time: 00:03:50

Health: -8/28      AC:  3    Str: 12    XL:     3   Next: 43%
Magic:  4/6        EV:  9    Int: 15    God:
Gold:   114        SH:  0    Dex: 11    Spells: 3/6 levels left

rFire   . . .      SeeInvis +    a - +0 dagger
rCold   . . .      Faith    .    (no shield)
rNeg    . . .      Spirit   .    c - +0 robe
rPois   +          Reflect  .    (no helmet)
rElec   .          Rampage  .    i - +0 cloak
rCorr   .                        (no gloves)
Will    .....                    (no barding)
Stlth   ++                       (no amulet)
HPRegen 0.24/turn                (no ring)
MPRegen 0.10/turn                (no ring)

@: very slow
A: AC +1, large, see invisible, deformed body, poison resistance, slowness 2,
spit poison 1, naga tail 1
a: Spit Poison


You were on level 1 of the Dungeon.
You visited 1 branch of the dungeon, and saw 2 of its levels.

You collected 114 gold pieces.

Inventory:

Hand Weapons
 a - a +0 dagger (weapon)
Armour
 c - a +0 robe (worn)
 i - a +0 cloak (worn)
Scrolls
 d - a scroll of enchant weapon
 f - 2 scrolls of identify
Potions
 b - a potion of magic


   Skills:
 - Level 1.5 Dodging
 - Level 3.0 Stealth
 - Level 2.0 Spellcasting
 - Level 1.0 Transmutations
 + Level 5.8 Poison Magic


You had 3 spell levels left.
You knew the following spells:

 Your Spells              Type           Power      Damage    Failure   Level
a - Sting                 Tmut/Pois      44%        1d5       5%          1
b - Poisonous Vapours     Pois/Air       20%        N/A       10%         2

Your spell library contained the following spells:

 Spells                   Type           Power      Damage    Failure   Level
 Mephitic Cloud           Conj/Pois/Air  7%         N/A       30%         3
 Olgreb's Toxic Radiance  Pois           19%        N/A       21%         4
 Alistair's Intoxication  Tmut/Pois      7%         N/A       83%         5
 Borgnjor's Vile Clutch   Necr/Erth      0%         N/A       99%         5
 Summon Forest            Summ/Tloc      0%         N/A       99%         5
 Summon Mana Viper        Hex/Summ       1%         N/A       99%         5
 Eringya's Noxious Bog    Tmut/Pois      5%         N/A       100%        6
 Summon Cactus Giant      Summ           0%         N/A       100%        6


Dungeon Overview and Level Annotations

Branches:
Dungeon (2/15)

Altars:


Innate Abilities, Weirdness & Mutations

Your serpentine skin is tough. (AC +1)
You have supernaturally acute eyesight. (SInv)
Armour fits poorly on your strangely shaped body.
Your system is resistant to poisons. (rPois)
You cover ground very slowly.
You can spit poison.
You have a snake-like lower body.


Message History

As you read the scroll labelled BECEQ MUHAATSY, it crumbles to dust.
You feel strangely unstable.
It was a scroll of teleportation.
Your surroundings suddenly seem different.
As you read the scroll labelled WANOAFE OFAIM, it crumbles to dust.
You hear a loud clanging noise!
It was a scroll of noise.
As you read the scroll labelled ZORHUZIEHO, it crumbles to dust.
You feel momentarily disoriented.
It was a scroll of magic mapping.
There is a stone staircase leading down here.
You climb downwards.
The orc shouts! x2
The orc priest closely misses you. The orc hits you with a +0 mace.
There is a stone staircase leading up here.
The orc hits you with a +0 whip.
The orc priest hits you with a +0 short sword.
The orc hits you with a +0 mace.
You climb upwards.
There is a stone staircase leading down here.
Okay, then.
Aiming: Sting (safe; 5% risk of failure)
Press: ? - help, Q - select action, (/) - cycle Shift-Dir - straight line, f - orc priest
Aim: an orc priest, wielding a +0 short sword and wearing a +0 chain mail (79% to hit)
The sting hits the orc priest.
The orc priest is poisoned.
The orc priest is lightly wounded.
The orc hits you with a +0 whip. The orc hits you with a +0 mace.
* * * LOW HITPOINT WARNING * * *
The orc priest closely misses you.
Aiming: Sting (safe; 5% risk of failure)
Press: ? - help, Q - select action, (/) - cycle Shift-Dir - straight line, f/p - orc priest
Aim: an orc priest, wielding a +0 short sword and wearing a +0 chain mail (lightly wounded, poisoned, 79% to hit)
The sting hits the orc priest but does no damage.
The orc priest looks even sicker.
The orc priest is lightly wounded.
The orc hits you with a +0 whip.
* * * LOW HITPOINT WARNING * * *
The orc hits you with a +0 mace.
* * * LOW HITPOINT WARNING * * *
The orc priest invokes the aid of Beogh against you.
Beogh smites you!
You die...

+........#..#...####....##
##..
#........#.........#...##
##.
#....⌠...#.###..##......#
#..
........##.......#.....##
##.
...##########...#..#..## ##
..###....# #.#.#....## #
#####.##.# #.#....###
......##.# #.#o.o.#.## #
########.####.#.@..#..## ##
.........#......o......##
##.
##########.........#....#
#..
#.................##..##
##.
##.#######..............##
##..
.........#........###....##
##..# #........#...)....#
##....# #...#
#........#........# ##..##
##..# #........#........#
##..###..##


You could see an orc priest (very poisoned) and 2 orcs.

Vanquished Creatures
  An adder (D:2)
  A dart slug (D:1)
  3 ball pythons (D:1)
  3 endoplasms (D:1)
  2 giant cockroaches (D:1)
  3 goblins (D:1)
  2 quokkas
  4 bats (D:1)
  3 frilled lizards (D:1)
  A kobold (D:1)
  A rat (D:1)
24 creatures vanquished.

Notes
Turn   | Place    | Note
-------+----------+-------------------------------------------
     0 | D:1      | DeathPants the Naga Venom Mage began the quest for the Orb.
     0 | D:1      | Reached XP level 1. HP: 15/15 MP: 3/3
   242 | D:2      | Reached skill level 5 in Poison Magic
   242 | D:2      | Reached XP level 2. HP: 11/22 MP: 0/5
   254 | D:1      | Learned a level 2 spell: Poisonous Vapours
   525 | D:1      | Reached XP level 3. HP: 25/28 MP: 4/6
  1342 | D:1      | HP: 1/28 [orc/+0 mace (3)]
  1342 | D:1      | Killed from afar by an orc priest

Illustrated notes

Levels and vault maps discovered:
D:1:      giann_wishing_wells, layout_basic, nicolae_figureground_pulse
D:2:      layout_loops_ring, hellmonk_ecumenical_altar_slurped_away

Skill      XL: |  1 |
---------------+----+-----
Poison Magic   | 5 |  5.8
Dodging        | |  1.5
Stealth        | |  3.0
Spellcasting   | |  2.0
Transmutations | |  1.0

Action                     || total
---------------------------++-------
  Melee: Dagger            ||    19
   Cast: Sting             ||    43
    Use: Scroll            ||     4
 Armour: Robe              ||    14
  Dodge: Dodged            ||    21

Table legend: (Time is in decaauts)
 A = Elapsed time spent in this place.
 B = Non-inter-level travel time spent in this place.
 C = Inter-level travel time spent in this place.
 D = Time resting spent in this place.
 E = Time spent auto-exploring this place.
 F = Levels seen in this place.
 G = Mean time per level.
                   A        B        C        D        E       F      G
               +--------+--------+--------+--------+--------+-----+--------+
         Total |   1608 |   1608 |      0 |    252 |    956 |   2 |  804.0 |
       Dungeon |   1608 |   1608 |      0 |    252 |    956 |   2 |  804.0 |
               +--------+--------+--------+--------+--------+-----+--------+

Top non-repeatable levels by time:
     D:1: 1575 daAuts
     D:2: 32 daAuts
